 Dungeon Crawl Stone Soup version 0.22-a0-880-gb7b0c8b (webtiles) character file.

4290 Kuinu the Arsonist (level 10, -3/69 HPs)
             Began as a Black Draconian Fire Elementalist on July 30, 2018.
             Was a Follower of Vehumet.
             Slain by a hellwing (8 damage)
             ... on level 9 of the Dungeon.
             The game lasted 00:29:47 (12842 turns).

Kuinu the Arsonist (DrFE)                          Turns: 12842, Time: 00:29:49

Health: -3/69      AC: 10    Str: 16    XL:     10   Next: 11%
Magic:  11/21      EV: 12    Int: 18    God:    Vehumet [*.....]
Gold:   472        SH:  0    Dex: 12    Spells: 7/23 levels left

rFire    + . .     SeeInvis .   c - +2 dagger (elec)
rCold    . . .     Gourm    +   (no shield)
rNeg     . . .     Faith    .   (armour unavailable)
rPois    .         Spirit   .   (helmet restricted)
rElec    +         Reflect  .   (no cloak)
rCorr    .         Harm     .   O - +0 pair of gloves
MR       .....                  q - +1 pair of boots
Stlth    +++.......             j - amulet of the gourmand
HPRegen  0.21/turn              p - ring of wizardry
MPRegen  0.17/turn              F - ring of protection from fire

@: mighty
A: breathe lightning, unfitting armour, electricity resistance, cold-blooded, AC
+7
a: Breathe Lightning, Renounce Religion


You were on level 9 of the Dungeon.
You worshipped Vehumet.
Vehumet was aware of your devotion.
You were full.

You visited 2 branches of the dungeon, and saw 10 of its levels.

You collected 472 gold pieces.

Inventory:

Hand Weapons
 c - a +2 dagger of electrocution (weapon)
 k - a +0 spear
 w - a +0 trident
 M - a +3 great sword of freezing
Armour
 q - a +1 pair of boots (worn)
 y - a +2 robe of fire resistance
 N - a +0 pair of boots
 O - a +0 pair of gloves (worn)
Magical Staves
 r - an uncursed staff of earth
Jewellery
 j - an amulet of the gourmand (around neck)
 p - a ring of wizardry (left hand)
 A - an uncursed ring of positive energy
 F - a ring of protection from fire (right hand)
 G - an uncursed ring of positive energy
 P - an uncursed amulet of rage
Wands
 s - a wand of disintegration (19)
 v - a wand of random effects (31)
 J - a wand of flame (12)
 K - a wand of clouds (5)
 R - a wand of polymorph (16)
 S - a wand of scattershot (5)
Scrolls
 f - a scroll of random uselessness
 i - 5 scrolls of magic mapping
 l - a scroll of teleportation {unknown}
 u - 2 scrolls of enchant armour
 x - a scroll of immolation {unknown}
 z - a scroll of noise {unknown}
 B - a scroll of blinking {unknown}
 C - 2 scrolls of remove curse {unknown}
 D - a scroll of fog {unknown}
 H - a scroll of amnesia {unknown}
Potions
 a - 3 potions of agility
 d - 5 potions of flight
 e - 5 potions of curing
 g - a potion of cancellation
 h - 3 potions of might
 m - a potion of lignification
 n - a potion of mutation {unknown}
 o - a potion of invisibility {unknown}
 t - 2 potions of degeneration
 E - 2 potions of haste {unknown}
 L - 2 potions of brilliance {unknown}
Comestibles
 b - 16 rations


   Skills:
 - Level 1.7 Dodging
 + Level 5.8 Stealth
 * Level 7.4 Spellcasting
 * Level 7.9 Conjurations
 * Level 8.5 Fire Magic


You had 7 spell levels left.
You knew the following spells:

 Your Spells              Type           Power        Failure   Level  Hunger
a - Flame Tongue          Conj/Fire      #####        1%          1    None
b - Throw Flame           Conj/Fire      #####.       1%          2    None
c - Conjure Flame         Conj/Fire      #####...     1%          3    #......
d - Sticky Flame          Conj/Fire      #####...     1%          4    ###....
e - Fireball              Conj/Fire      #####.....   4%          5    #####..
f - Magic Dart            Conj           ####         1%          1    None

Your spell library contained the following spells:

 Spells                   Type           Power        Failure   Level  Hunger
 Inner Flame              Hex/Fire       ###.....     2%          3    #......


Dungeon Overview and Level Annotations

Branches:
Dungeon (9/15)             Temple (1/1) D:7
   Lair: D:8-11         Orc: D:9-12

Altars:
Ashenzari
Cheibriados
Dithmenos
Elyvilon
Fedhas
Gozag
Hepliaklqana
Kikubaaqudgha
Makhleb
Nemelex Xobeh
Okawaru
Qazlal
Ru
Sif Muna
Trog
Uskayaw
Vehumet
Wu Jian
Xom
Yredelemnul
Zin
The Shining One

Annotations:
D:3 1 runed door, exclusion: oklob plant, lurker's ghost, amateur OgFE


Innate Abilities, Weirdness & Mutations

You can breathe wild blasts of lightning.
Your glossy black scales are hard. (AC +7)
You cannot fit into any form of body armour.
You are resistant to electric shocks. (rElec)
You are cold-blooded and may be slowed by cold attacks.


Message History

The hellwing swoops through the air toward you!
The hellwing hits you.
The hellwing hits you but does no damage.
Casting: Sticky Flame (safe; 1% risk of failure)
Confirm with . or Enter, or press ? or * to list all spells.
Okay, then.
Okay, then.
You feel very mighty all of a sudden. The shadow imp closely misses you.
The hellwing hits you! The hellwing misses you.
The hellwing completely misses you. The hellwing barely misses you.
A shadow imp comes into view.
You hit the hellwing but do no damage.
The hellwing is severely wounded.
The shadow imp hits you. The hellwing closely misses you.
The hellwing hits you but does no damage.
The hellwing hits you!
* * * LOW HITPOINT WARNING * * *
The hellwing hits you!
You die...

##### ##############....
#44.....=......###
#########@###########.....
........#5# #.####
8Z......5h# #...<.
.8.8..h8Z5# #.#.##
8P8...h...# ......
P.........# .###.##
......8P..# .. .#
.4|5P...8.# .. #
.[∩)...8..# ...


You could see 2 hellwings, 4 shadow imps, 2 jackals and a centaur warrior
skeleton.

Vanquished Creatures
  Pikel (D:7)
  A centaur zombie (D:9)
  A yak (D:7)
  A human (D:7)
  3 hogs (D:7)
  A hungry ghost (D:8)
  A slave (D:7)
  2 orc warriors
  An ice beast (D:6)
  2 ogres
  A necrophage (D:7)
  2 phantoms
  6 centaurs
  Blork the orc (D:4)
  2 bullfrogs
  3 scorpions
  2 wights (D:7)
  A bullfrog skeleton (D:8)
  6 orc priests
  3 hounds
  8 orc wizards
  3 iguanas
  5 worker ants
  A hound skeleton (D:7)
  Robin (D:2)
  2 worker ant zombies
  17 adders
  A shadow imp (D:4)
  An ooze (D:4)
  4 worms
  An adder skeleton (D:7)
  3 dart slugs
  5 leopard geckos
  42 orcs
  6 giant cockroaches
  20 goblins
  11 hobgoblins
  8 jackals
  2 quokkas
  2 ball pythons
  11 bats
  6 frilled lizards
  6 kobolds
  A quokka zombie (D:6)
  5 rats
213 creatures vanquished.

Vanquished Creatures (others)
  2 slaves (D:7)
  A jelly (D:7)
  A mummy (D:7)
  2 orcs (D:7)
6 creatures vanquished.

Grand Total: 219 creatures vanquished

Notes
Turn   | Place    | Note
-------+----------+-------------------------------------------
     0 | D:1      | Kuinu the Draconian Fire Elementalist began the quest for the Orb.
     0 | D:1      | Reached XP level 1. HP: 14/14 MP: 3/3
   122 | D:1      | Reached XP level 2. HP: 20/20 MP: 5/5
   126 | D:1      | Learned a level 2 spell: Throw Flame
   632 | D:2      | Reached XP level 3. HP: 15/26 MP: 1/6
  1199 | D:2      | Found a sacrificial altar of Ru.
  1329 | D:2      | Reached XP level 4. HP: 33/33 MP: 4/7
  1372 | D:2      | Noticed Robin
  1904 | D:2      | Killed Robin
  2381 | D:3      | Reached skill level 4 in Fire Magic
  2476 | D:3      | Learned a level 3 spell: Conjure Flame
  2493 | D:3      | Reached XP level 5. HP: 38/38 MP: 2/9
  3212 | D:3      | Found a runed door.
  3213 | D:3      | Noticed lurker's ghost (amateur OgFE)
  3230 | D:3      | Reached XP level 6. HP: 45/45 MP: 8/11
  3585 | D:3      | Found a blossoming altar of Fedhas.
  3597 | D:3      | Noticed an oklob plant
  4396 | D:4      | Learned a level 4 spell: Sticky Flame
  4461 | D:4      | Noticed Blork the orc
  4849 | D:4      | Killed Blork the orc
  4849 | D:4      | Reached skill level 5 in Fire Magic
  4849 | D:4      | Your scales start taking on a glossy black colour.
  4849 | D:4      | Reached XP level 7. HP: 45/50 MP: 1/13
  4849 | D:4      | Gained mutation: You are resistant to electric shocks. (rElec) [Black Draconian growth]
  5986 | D:4      | Found a shimmering altar of Xom.
  5994 | D:4      | Found a snail-covered altar of Cheibriados.
  5997 | D:4      | Found a glowing golden altar of the Shining One.
  6364 | D:5      | Entered Level 5 of the Dungeon
  6388 | D:5      | Learned a level 5 spell: Fireball
  6856 | D:5      | Reached XP level 8. HP: 57/57 MP: 8/15
  7012 | D:5      | Reached skill level 5 in Conjurations
  7185 | D:5      | Reached skill level 5 in Spellcasting
  7185 | D:5      | Reached skill level 6 in Fire Magic
  8370 | D:6      | Found an opulent altar of Gozag.
  9120 | D:7      | Found an ornate altar of the Wu Jian Council.
  9122 | D:7      | Found a burning altar of Makhleb.
  9124 | D:7      | Found a deep blue altar of Sif Muna.
  9124 | D:7      | Found a bloodstained altar of Trog.
  9146 | D:7      | Noticed Pikel
  9159 | D:7      | Killed Pikel
  9273 | D:7      | Reached skill level 7 in Fire Magic
  9309 | D:7      | HP: 1/57 [orc warrior/long sword (11)]
  9340 | D:7      | Reached XP level 9. HP: 17/62 MP: 1/18
 10050 | D:7      | Reached skill level 5 in Stealth
 10209 | D:7      | Found a staircase to the Ecumenical Temple.
 10389 | Temple   | Entered the Ecumenical Temple
 10598 | Temple   | Became a worshipper of Vehumet
 11299 | D:8      | Reached skill level 8 in Fire Magic
 12206 | D:8      | Reached * piety under Vehumet
 12206 | D:8      | Offered knowledge of Magic Dart by Vehumet.
 12212 | D:8      | Learned a level 1 spell: Magic Dart
 12443 | D:8      | Reached XP level 10. HP: 48/69 MP: 9/20
 12445 | D:8      | Found an ornate altar of the Wu Jian Council.
 12794 | D:8      | You fall through a shaft!
 12842 | D:9      | Slain by a hellwing

Vault maps used:
D:1:      ncdulo_lavacross, minmay_misc_feat_square
D:2:      nicolae_ru_awakened_eye, uniq_robin
D:3:      ebering_ghost_reflecting_pool, tgw_fedhas
D:4:      minmay_overflow_temple_star_quad, kennysheep_generic_room_8,
          uniq_blork_the_orc
D:5:      first_ration
D:6:      kennysheep_small_circle
D:7:      grunt_temple_overflow_open, temple_hall, serial_undead,
          serial_undead_a, serial_undead_a, serial_undead_d, serial_undead_b,
          grunt_livestock, uniq_pikel
D:8:      lemuel_centaur_altar
D:9:      cheibrodos_grave_circle
Temple:   regret_index_temple_generic_petals

Skill      XL: |  1  2  3  4  5  6  7  8  9 |
---------------+----------------------------+-----
Stealth        | 2 3 4 5 |  5.8
Conjurations   | 2 3 4 6 7 |  7.9
Fire Magic     | 4 5 7 8 |  8.5
Spellcasting   | 3 4 6 7 |  7.4
Dodging        | |  1.7

Action                   |  1- 3 |  4- 6 |  7- 9 | 10-12 || total
-------------------------+-------+-------+-------+-------++-------
Melee: Dagger            |    52 |   149 |    90 |    15 ||   306
       Unarmed           |     3 |       |       |       ||     3
       Tailslap          |     4 |    11 |     4 |     2 ||    21
       Trident           |       |       |    19 |       ||    19
 Cast: Flame Tongue      |    14 |    66 |   123 |     1 ||   204
       Throw Flame       |    13 |    29 |    77 |     2 ||   121
       Sticky Flame      |       |     3 |    11 |     3 ||    17
       Fireball          |       |       |    13 |       ||    13
       Conjure Flame     |       |       |     4 |       ||     4
  Use: Scroll            |       |     5 |     7 |     2 ||    14
       Potion            |       |     1 |     3 |     1 ||     5
 Stab: Sleeping          |     1 |       |       |       ||     1
  Eat: Chunk             |     4 |    20 |    31 |       ||    55
Armor: Skin              |    19 |    48 |    29 |    15 ||   111
Dodge: Dodged            |    45 |   103 |    79 |    23 ||   250

Table legend:
 A = Spawn XP
 B = Non-spawn XP
 C = Spawn XP percentage of total XP
 D = Spawn monster count
 E = Non-spawn monster count
 F = Spawn count percentage of total count
 G = Total turns spent on level
                    A         B        C        D         E        F      G
               +---------+---------+-------+---------+---------+-------+---------
         Total |       0 |    6129 |   0.0 |       0 |     212 |   0.0 | 12842
               +---------+---------+-------+---------+---------+-------+---------
           D:1 |       0 |      32 |   0.0 |       0 |      18 |   0.0 |   604
           D:2 |       0 |     127 |   0.0 |       0 |      41 |   0.0 |  1329
           D:3 |       0 |     327 |   0.0 |       0 |      46 |   0.0 |  2686
           D:4 |       0 |     654 |   0.0 |       0 |      25 |   0.0 |  1745
           D:5 |       0 |     595 |   0.0 |       0 |      25 |   0.0 |  1671
           D:6 |       0 |     277 |   0.0 |       0 |       7 |   0.0 |  1042
           D:7 |       0 |    2141 |   0.0 |       0 |      18 |   0.0 |  1414
           D:8 |       0 |    1535 |   0.0 |       0 |      31 |   0.0 |  2051
           D:9 |       0 |     441 |   0.0 |       0 |       1 |   0.0 |    48
               +---------+---------+-------+---------+---------+-------+---------
